 Dungeon Crawl Stone Soup version 0.22-a0-605-g9281fa2 (webtiles) character file.

2542 gmonis the Basher (level 9, -4/105 HPs)
             Began as a Minotaur Berserker on July 8, 2018.
             Was an Elder of Trog.
             Slain by Joseph
             ... wielding a +1 quarterstaff of crushing
              (14 damage)
             ... on level 7 of the Dungeon.
             The game lasted 00:14:04 (6999 turns).

gmonis the Basher (Minotaur Berserker)              Turns: 6999, Time: 00:14:05

Health: -4/105     AC: 15    Str: 27    XL:     9   Next: 30%
Magic:  8/8        EV:  8    Int:  4    God:    Trog [****..]
Gold:   453        SH:  0    Dex: 13    Spells: 8/8 levels left

rFire    . . .     SeeInvis .   z - +2 dire flail (protect)
rCold    + . .     Gourm    .   (shield currently unavailable)
rNeg     . . .     Faith    .   w - +0 plate armour
rPois    .         Spirit   .   (helmet restricted)
rElec    .         Reflect  .   (no cloak)
rCorr    .         Harm     .   (no gloves)
MR       .....                  d - +0 pair of boots
Stlth    ..........             (no amulet)
HPRegen  0.27/turn              o - ring of stealth
MPRegen  0.11/turn              (no ring)

@: berserking, lethally poisoned (-4 -> -4), drained, very quick
A: retaliatory headbutt, horns 2, cold resistance 1
a: Berserk, Trog's Hand, Brothers in Arms, Renounce Religion


You were on level 7 of the Dungeon.
You worshipped Trog.
Trog was greatly pleased with you.
You were not hungry.

You visited 2 branches of the dungeon, and saw 8 of its levels.

You collected 453 gold pieces.

Inventory:

Hand Weapons
 a - a +0 mace
 z - a +2 dire flail of protection (weapon)
Missiles
 g - 150 stones (quivered)
Armour
 b - a +0 animal skin
 d - a +0 pair of boots (worn)
 w - a +0 plate armour (worn)
Jewellery
 o - a ring of stealth (left hand)
 E - an uncursed ring of resist corrosion {unknown}
Wands
 u - a wand of flame (35)
 D - a wand of disintegration (14)
Scrolls
 f - 5 scrolls of identify
 h - 2 scrolls of fog {unknown}
 i - a scroll of blinking {unknown}
 j - 5 scrolls of remove curse
 k - 4 scrolls of teleportation {unknown}
 p - 2 scrolls of immolation {unknown}
 t - a scroll of magic mapping {unknown}
 v - 3 scrolls of amnesia {unknown}
 y - a scroll of fear {unknown}
 B - a scroll of random uselessness {unknown}
 C - a scroll of enchant weapon {unknown}
Potions
 e - 2 potions of heal wounds {unknown}
 l - 2 potions of curing
 m - a potion of haste {unknown}
 n - a potion of invisibility {unknown}
 q - a potion of degeneration {unknown}
 r - a potion of brilliance {unknown}
 s - a potion of mutation
 x - 2 potions of agility
 A - 2 potions of berserk rage {unknown}
Comestibles
 c - 9 rations


   Skills:
 - Level 3.6(3.4) Fighting
 * Level 12.9(12.7) Maces & Flails
 + Level 8.3(8.1) Armour
 - Level 2.1(2.0) Dodging


You had 8 spell levels left.
You didn't know any spells.
Your spell library was empty.

Dungeon Overview and Level Annotations

Branches:
Dungeon (7/15)             Temple (1/1) D:4

Altars:
Ashenzari
Cheibriados
Dithmenos
Elyvilon
Fedhas
Hepliaklqana
Makhleb
Nemelex Xobeh
Okawaru
Qazlal
Ru
Sif Muna
Trog
Uskayaw
Wu Jian
Yredelemnul
The Shining One

Annotations:
D:7 Joseph


Innate Abilities, Weirdness & Mutations

You reflexively headbutt those who attack you in melee.
You have a pair of horns on your head.
Your flesh is cold resistant. (rC+)


Message History

You closely miss the killer bee. Your headbutt misses the killer bee.
The killer bee stings you.
* * * LOW HITPOINT WARNING * * *
The killer bee stings you!
* * * LOW HITPOINT WARNING * * *
The killer bee closely misses you. You furiously retaliate!
You headbutt the killer bee!!
You kill the killer bee!
Trog accepts your kill.
You feel sick. The orc hits you but does no damage. Joseph barely misses you.
You barely miss the killer bee. You headbutt the killer bee!
The killer bee is severely wounded.
You miss the killer bee. Your headbutt misses the killer bee.
The orc barely misses you.
The killer bee stings you but does no damage.
You barely miss the killer bee. Your headbutt misses the killer bee.
The killer bee is severely wounded.
The killer bee stings you but does no damage.
Joseph hits you with a quarterstaff of crushing!
You die...

* .#* , ., * #
#.##### **
#.#.#...# *
##.......#
.........#### ## *
......Zy@...###..#
,
#......yo@....##.#
#.#..............#
* ##.#....##.##..#
#. #....#...#..# #
*#...........# ,
##....._....# ,*
#<.........# * ,
#...#...#..#


You could see Joseph, 2 killer bees, an orc and an adder zombie.

Vanquished Creatures
  Eustachio (D:5)
  Edmund (D:4)
  2 water moccasins (D:5)
  A phantom (D:6)
  An ice beast (D:7)
  2 ogres
  A centaur (D:5)
  2 bullfrogs
  2 scorpions (D:4)
  7 killer bees (D:7)
  8 wights
  4 crimson imps
  A jelly (D:5)
  4 hounds
  Crazy Yiuf (D:2)
  2 orc wizards (D:5)
  Ijyb (D:5)
  Natasha (twice) (D:3)
  4 worker ants
  A howler monkey zombie (D:6)
  A worker ant zombie (D:7)
  Robin (D:4)
  9 adders
  2 oozes
  An adder zombie (D:6)
  An adder skeleton (D:6)
  4 worms
  6 leopard geckos
  7 orcs
  7 giant cockroaches
  16 goblins
  11 hobgoblins
  6 jackals
  4 quokkas
  6 bats
  5 frilled lizards
  A jackal skeleton (D:4)
  9 kobolds
  A quokka zombie (D:5)
  9 rats
  A spectral orc (D:4)
156 creatures vanquished.

Notes
Turn   | Place    | Note
-------+----------+-------------------------------------------
     0 | D:1      | gmonis the Minotaur Berserker began the quest for the Orb.
     0 | D:1      | Reached XP level 1. HP: 19/19 MP: 0/0
    96 | D:1      | Reached skill level 4 in Maces & Flails
   233 | D:1      | Reached XP level 2. HP: 25/26 MP: 1/1
   769 | D:2      | Reached ** piety under Trog
   921 | D:2      | Found a glowing golden altar of the Shining One.
   999 | D:2      | Found a blossoming altar of Fedhas.
  1012 | D:2      | Reached skill level 5 in Maces & Flails
  1012 | D:2      | Reached XP level 3. HP: 31/31 MP: 2/2
  1906 | D:2      | Found a runed door.
  2097 | D:2      | Noticed Crazy Yiuf
  2102 | D:2      | Killed Crazy Yiuf
  2102 | D:2      | Reached skill level 6 in Maces & Flails
  2102 | D:2      | Reached XP level 4. HP: 39/39 MP: 3/3
  2529 | D:3      | Reached XP level 5. HP: 40/45 MP: 4/4
  2563 | D:3      | Reached skill level 7 in Maces & Flails
  2907 | D:3      | Noticed Natasha
  2916 | D:3      | Killed Natasha
  3265 | D:3      | Noticed Natasha
  3360 | D:3      | Killed Natasha
  3764 | D:4      | Noticed an ogre
  3781 | D:4      | Killed an ogre
  3781 | D:4      | Reached *** piety under Trog
  3781 | D:4      | Reached skill level 8 in Maces & Flails
  3781 | D:4      | Reached XP level 6. HP: 51/51 MP: 5/5
  3812 | D:5      | Entered Level 5 of the Dungeon
  4011 | D:4      | Found a staircase to the Ecumenical Temple.
  4124 | Temple   | Entered the Ecumenical Temple
  4300 | D:4      | Noticed Robin
  4324 | D:4      | Killed Robin
  4331 | D:4      | Reached XP level 7. HP: 55/57 MP: 6/6
  4443 | D:4      | Reached skill level 9 in Maces & Flails
  4547 | D:4      | Found a basalt altar of Yredelemnul.
  4976 | D:4      | Noticed Edmund
  4990 | D:4      | Killed Edmund
  5200 | D:5      | Noticed Eustachio
  5227 | D:5      | Killed Eustachio
  5227 | D:5      | Reached skill level 5 in Armour
  5368 | D:5      | Reached skill level 10 in Maces & Flails
  5374 | D:5      | Reached XP level 8. HP: 34/64 MP: 7/7
  5602 | D:5      | Found an ornate altar of the Wu Jian Council.
  5707 | D:5      | Noticed Ijyb
  5717 | D:5      | Killed Ijyb
  5965 | D:5      | Reached skill level 11 in Maces & Flails
  6290 | D:6      | Reached **** piety under Trog
  6532 | D:6      | Reached skill level 12 in Maces & Flails
  6699 | D:6      | Reached XP level 9. HP: 70/70 MP: 8/8
  6745 | D:6      | Found a deep blue altar of Sif Muna.
  6745 | D:6      | Found a snail-covered altar of Cheibriados.
  6971 | D:7      | Found an iron altar of Okawaru.
  6978 | D:7      | Noticed Joseph
  6988 | D:7      | Gained mutation: You passively map a small area around you. [potion of mutation]
  6988 | D:7      | Lost mutation: You passively map a small area around you. [potion of mutation]
  6988 | D:7      | Gained mutation: Your flesh is cold resistant. (rC+) [potion of mutation]
  6999 | D:7      | Slain by Joseph

Vault maps used:
D:1:      nagdon_arrival_double_spiral, serial_glass, glass_columns_a,
          glass_columns_a, glass_columns_c, glass_columns_b, glass_columns_a,
          glass_columns_a
D:2:      tso_altar, fedhas_altar_2, uniq_crazy_yiuf_cottage
D:3:      uniq_natasha
D:4:      yredelemnul_forgotten_temple_becter, minmay_temple_entry_large_hall,
          corexii_hall_statues_s, uniq_edmund, uniq_robin
D:5:      overflow_temple_1_default, first_ration, uniq_eustachio, uniq_ijyb
D:6:      gammafunk_temple_overflow_pools
D:7:      okawaru_gym_becter, zin_statuary, uniq_joseph
Temple:   zaba_magenta_temple

Skill      XL: |  1  2  3  4  5  6  7  8  9 |
---------------+----------------------------+-----
Maces & Flails | 4 5 6 8 10 12 | 12.9
Armour         | 3 4 5 7 8 |  8.3
Fighting       | |  3.6
Dodging        | |  2.1

Action                   |  1- 3 |  4- 6 |  7- 9 || total
-------------------------+-------+-------+-------++-------
Melee: Mace              |    71 |   152 |    45 ||   268
       Headbutt          |    10 |    19 |    40 ||    69
       Unarmed           |       |    10 |       ||    10
       Dire flail        |       |       |   206 ||   206
Invok: Berserk           |     1 |     2 |     3 ||     6
       Trog's Hand       |       |       |     1 ||     1
  Use: Scroll            |       |       |     3 ||     3
       Potion            |       |       |     3 ||     3
  Eat: Chunk             |     4 |     6 |     6 ||    16
       Ration            |       |     1 |     2 ||     3
Armor: Animal skin       |    19 |     7 |       ||    26
       Plate armour      |       |    72 |   183 ||   255
Dodge: Dodged            |    58 |    72 |    92 ||   222

Table legend:
 A = Spawn XP
 B = Non-spawn XP
 C = Spawn XP percentage of total XP
 D = Spawn monster count
 E = Non-spawn monster count
 F = Spawn count percentage of total count
 G = Total turns spent on level
                    A         B        C        D         E        F      G
               +---------+---------+-------+---------+---------+-------+---------
         Total |       0 |    3632 |   0.0 |       0 |     156 |   0.0 |  6999
               +---------+---------+-------+---------+---------+-------+---------
           D:1 |       0 |      26 |   0.0 |       0 |      17 |   0.0 |   765
           D:2 |       0 |     105 |   0.0 |       0 |      18 |   0.0 |  1428
           D:3 |       0 |     188 |   0.0 |       0 |      34 |   0.0 |  1516
           D:4 |       0 |     601 |   0.0 |       0 |      29 |   0.0 |  1189
           D:5 |       0 |     974 |   0.0 |       0 |      23 |   0.0 |  1255
           D:6 |       0 |     802 |   0.0 |       0 |      19 |   0.0 |   596
           D:7 |       0 |     936 |   0.0 |       0 |      16 |   0.0 |   173
               +---------+---------+-------+---------+---------+-------+---------
